 Dungeon Crawl Stone Soup version 0.23-a0-582-g1b4a0ca (webtiles) character file.

462598 rageheart7 the Wrestler (level 23, -9/228 HPs)
             Began as a Troll Hunter on Dec 17, 2018.
             Was a Favourite Plaything of Xom.
             Mangled by a juggernaut (44 damage)
             ... on level 2 of the Depths.
             The game lasted 01:55:20 (42244 turns).

rageheart7 the Wrestler (Troll Hunter)             Turns: 42244, Time: 01:55:21

Health: -9/228     AC: 28    Str: 39    XL:     23   Next: 39%
Magic:  23/23      EV: 15    Int: 15    God:    Xom [...*..]
Gold:   607        SH: 17    Dex: 32    Spells: 22/22 levels left

rFire    + + +     SeeInvis +     - Unarmed
rCold    + + .     Gourm    +   u - +1 shield of Salvation {rN+ Regen+ Slay+3 Stlth+}
rNeg     + . .     Faith    .   I - +8 fire dragon scales
rPois    +         Spirit   .   j - +0 mask of the Dragon {MR+ Slay+3 SInv}
rElec    +         Reflect  .   B - scarf {repulsion}
rCorr    +         Harm     .   (gloves unavailable)
MR       +....                  (boots unavailable)
Stlth    +++.......             t - amulet "Oghoom" {RegenMP rElec MR- Str+3}
HPRegen  1.68/turn              l - ring "Etisy" {rPois Str+3 Dex+4}
MPRegen  0.43/turn              V - ring of Enteese {rCorr rF+ Int+4 Dex+6}

@: mighty, agile, studying 3 skills, repel missiles
A: large, unfitting armour, antennae 1, claws 3, talons 1, icy blue scales 2,
see invisible, clever 2, cold resistance 3, fast metabolism 3, frail 1,
gourmand, mutation resistance 2, sense surroundings 1, regeneration 2, shaggy
fur 1, strong 1, tough skin 2, MP-powered wands, sturdy frame 1
}: 2/15 runes: serpentine, barnacled
a: Renounce Religion


You were on level 2 of the Depths.
You worshipped Xom.
You were a favourite toy of Xom.
You were very full.

You visited 8 branches of the dungeon, and saw 40 of its levels.
You visited the Abyss 3 times.
You also visited: Ossuary, Bailey, Gauntlet and Desolation.

You collected 5948 gold pieces.
You spent 5341 gold pieces at shops.

Inventory:

Hand Weapons
 S - the +3 sling "Punk" {acid, rCorr}
   (You bought it in a shop on level 1 of the Vaults)

   It provides partial protection from all sources of acid and corrosion.
Missiles
 c - 100 large rocks (quivered)
 d - 14 throwing nets
 Q - 39 javelins of returning
Armour
 j - the +0 mask of the Dragon (worn) {MR+ Slay+3 SInv}
   (You found it on level 2 of the Vaults)

   It affects your accuracy and damage with ranged weapons and melee attacks
   (+3).
   It affects your resistance to hostile enchantments.
   It lets you see invisible.
 u - the +1 shield of Salvation (worn) {rN+ Regen+ Slay+3 Stlth+}
   (You found it on level 5 of the Dungeon)

   It affects your accuracy and damage with ranged weapons and melee attacks
   (+3).
   It protects you from negative energy.
   It increases your rate of regeneration.
   It makes you more stealthy.
 B - a scarf of repulsion (worn)
 I - +8 fire dragon scales (worn)
Jewellery
 l - the ring "Etisy" (left claw) {rPois Str+3 Dex+4}
   (You took it off a deep elf demonologist on level 3 of the Elven Halls)

   [ring of strength]

   It affects your strength (+3).
   It affects your dexterity (+4).
   It protects you from poison.
 t - the amulet "Oghoom" (around neck) {RegenMP rElec MR- Str+3}
   (You found it in a Gauntlet)

   [amulet of magic regeneration]

   It increases your magic regeneration.
   It affects your strength (+3).
   It insulates you from electricity.
   It affects your resistance to hostile enchantments.
 w - an uncursed amulet of faith {unknown}
 J - a +3 amulet of reflection
 L - an uncursed ring of protection from cold
 M - the ring "Fanel" {+Fly rElec MR+}
   (You found it in the Desolation of Salt)

   [ring of flight]

   It insulates you from electricity.
   It affects your resistance to hostile enchantments.
   It lets you fly.
 R - the ring of Wishful Thinking {+Fly EV+2 Str+4}
   (You acquired it on level 3 of the Snake Pit)

   [ring of evasion]

   It affects your evasion (+2).
   It affects your strength (+4).
   It lets you fly.
 V - the ring of Enteese (right claw) {rCorr rF+ Int+4 Dex+6}
   (You bought it in a shop on level 3 of the Snake Pit)

   [ring of resist corrosion]

   It affects your intelligence (+4).
   It affects your dexterity (+6).
   It protects you from fire.
Wands
 r - a wand of digging (6)
 C - a wand of scattershot (14)
 K - a wand of acid (20)
Scrolls
 b - 2 scrolls of brand weapon
 e - 4 scrolls of identify
 k - 18 scrolls of remove curse
 p - 2 scrolls of magic mapping
 x - a scroll of summoning
 y - a scroll of silence {unknown}
 z - a scroll of enchant armour
 A - 10 scrolls of teleportation
 G - 3 scrolls of fear
 H - 5 scrolls of fog
 N - 6 scrolls of amnesia
 P - 4 scrolls of enchant weapon
Potions
 a - 6 potions of curing
 g - 6 potions of brilliance
 i - 2 potions of invisibility
 m - 3 potions of haste
 q - 3 potions of flight
 s - 2 potions of ambrosia
 E - a potion of resistance
 F - 2 potions of agility
 U - a potion of might
Books
 h - a manual of Ice Magic
 n - a manual of Earth Magic
 v - a manual of Earth Magic
 W - a manual of Translocations
Miscellaneous
 o - a fan of gales
 D - a lamp of fire
 T - 3 phantom mirrors
Comestibles
 f - 93 rations


   Skills:
 * Level 20.1 Fighting
 * Level 11.9 Throwing
 - Level 17.7 Armour
 - Level 1.5 Dodging
 - Level 0.3 Stealth
 - Level 13.4 Shields
 - Level 21.7 Unarmed Combat
 - Level 1.9 Evocations


You had 22 spell levels left.
You didn't know any spells.
Your spell library contained the following spells:

 Spells                   Type           Power        Failure   Level  Hunger
 Animate Skeleton         Necr           N/A          34%         1    ##.....
 Apportation              Tloc           #.....       34%         1    ##.....
 Confusing Touch          Hex            #.....       34%         1    ##.....
 Corona                   Hex            #......      34%         1    ##.....
 Magic Dart               Conj           #...         34%         1    ##.....
 Sandblast                Erth           #.....       34%         1    ##.....
 Sting                    Conj/Pois      #...         34%         1    ##.....
 Summon Butterflies       Summ           #.......     34%         1    ##.....
 Summon Small Mammal      Summ           #...         34%         1    ##.....
 Corpse Rot               Necr           N/A          47%         2    ###....
 Passwall                 Tmut/Erth      #.......     47%         2    ###....
 Poisonous Vapours        Pois/Air       #.....       47%         2    ###....
 Searing Ray              Conj           #.....       47%         2    ###....
 Shroud of Golubria       Chrm/Tloc      #.........   47%         2    ###....
 Slow                     Hex            #.......     47%         2    ###....
 Song of Slaying          Chrm           #.......     47%         2    ###....
 Sublimation of Blood     Necr           #.........   47%         2    ###....
 Call Canine Familiar     Summ           #.......     71%         3    ####...
 Confuse                  Hex            #.......     71%         3    ####...
 Dazzling Spray           Conj/Hex       #.....       71%         3    ####...
 Gell's Gravitas          Tloc           #.........   71%         3    ####...
 Ignite Poison            Fire/Tmut/Pois #.......     71%         3    ####...
 Inner Flame              Hex/Fire       #.......     71%         3    ####...
 Lesser Beckoning         Tloc           #.........   71%         3    ####...
 Mephitic Cloud           Conj/Pois/Air  #.......     71%         3    ####...
 Ozocubu's Armour         Chrm/Ice       #.......     71%         3    ####...
 Portal Projectile        Hex/Tloc       #.....       71%         3    ####...
 Static Discharge         Conj/Air       #.......     71%         3    ####...
 Stone Arrow              Conj/Erth      #.....       71%         3    ####...
 Teleport Other           Tloc           #.......     71%         3    ####...
 Tukima's Dance           Hex            #.......     71%         3    ####...
 Airstrike                Air            #.........   98%         4    #####..
 Cause Fear               Hex            #.........   98%         4    #####..
 Force Lance              Conj/Tloc      #.......     98%         4    #####..
 Fulminant Prism          Conj/Hex       #.........   98%         4    #####..
 Iskenderun's Mystic Bla  Conj           #.......     98%         4    #####..
 Leda's Liquefaction      Hex/Erth       #.........   98%         4    #####..
 Olgreb's Toxic Radiance  Pois           #.......     98%         4    #####..
 Petrify                  Tmut/Erth      #.......     98%         4    #####..
 Sticky Flame             Conj/Fire      #.......     98%         4    #####..
 Summon Ice Beast         Ice/Summ       #.......     98%         4    #####..
 Summon Lightning Spire   Summ/Air       #.......     98%         4    #####..
 Agony                    Necr           #.......     100%        5    ######.
 Alistair's Intoxication  Tmut/Pois      #.......     100%        5    ######.
 Bolt of Draining         Conj/Necr      #.........   100%        5    ######.
 Bolt of Magma            Conj/Fire/Erth #.........   100%        5    ######.
 Dispel Undead            Necr           #.......     100%        5    ######.
 Excruciating Wounds      Chrm/Necr      #.........   100%        5    ######.
 Fireball                 Conj/Fire      #.........   100%        5    ######.
 Iskenderun's Battlesphe  Conj/Chrm      #.......     100%        5    ######.
 Lee's Rapid Deconstruct  Erth           #.........   100%        5    ######.
 Lightning Bolt           Conj/Air       #.........   100%        5    ######.
 Metabolic Englaciation   Hex/Ice        #.........   100%        5    ######.
 Silence                  Hex/Air        #.........   100%        5    ######.
 Summon Forest            Summ/Tloc      #.........   100%        5    ######.
 Summon Mana Viper        Hex/Summ       #.......     100%        5    ######.
 Venom Bolt               Conj/Pois      #.........   100%        5    ######.
 Yara's Violent Unravell  Hex/Tmut       #.........   100%        5    ######.
 Conjure Ball Lightning   Conj/Air       #.........   100%        6    #######
 Deflect Missiles         Chrm/Air       #.........   100%        6    #######
 Freezing Cloud           Conj/Ice/Air   #.........   100%        6    #######
 Hydra Form               Tmut           #.........   100%        6    #######
 Invisibility             Hex            #.......     100%        6    #######
 Iron Shot                Conj/Erth      #.........   100%        6    #######
 Poison Arrow             Conj/Pois      #.........   100%        6    #######
 Statue Form              Tmut/Erth      #........    100%        6    #######
 Malign Gateway           Summ/Tloc      #.........   100%        7    #######
 Orb of Destruction       Conj           #.........   100%        7    #######
 Spellforged Servitor     Conj/Summ      #.........   100%        7    #######
 Summon Hydra             Summ           #.........   100%        7    #######
 Chain Lightning          Conj/Air       #.........   100%        8    #######
 Controlled Blink         Tloc           N/A          100%        8    #######
 Discord                  Hex            #.........   100%        8    #######
 Disjunction              Tloc           #.........   100%        8    #######
 Ignition                 Fire           #.........   100%        8    #######
 Lehudib's Crystal Spear  Conj/Erth      #.........   100%        8    #######
 Dragon's Call            Summ           #.........   100%        9    #######
 Fire Storm               Conj/Fire      #.........   100%        9    #######
 Glaciate                 Conj/Ice       #.........   100%        9    #######
 Shatter                  Erth           #.........   100%        9    #######
 Tornado                  Air            #.........   100%        9    #######


Dungeon Overview and Level Annotations

Branches:
Dungeon (15/15)            Temple (0/1) D:4            Lair (6/6) D:8
 Shoals (4/4) Lair:2        Snake (4/4) Lair:3        Slime (0/5) Lair:6
    Orc (2/2) D:11            Elf (3/3) Orc:2        Vaults (4/5) D:13
  Crypt (0/3) Vaults:3     Depths (2/5) D:15

Altars:
Ashenzari
Cheibriados
Hepliaklqana
Makhleb
Nemelex Xobeh
Qazlal
Ru
Vehumet
Xom
Yredelemnul
Beogh
Jiyva

Shops:
Orc:2 (*[}}!!   Elf:1 *   Snake:3 [?=??=*=%   Vaults:1 (   Vaults:3 !
Depths:2 ?[[(

Portals:
Hell: Depths:1 Depths:2
Ziggurat: Depths:1

Annotations:
Snake:3 1 transporter
Vaults:4 1 runed door, Plog's ghost, veteran MiFi


Innate Abilities, Weirdness & Mutations

You are too large for most types of armour.
You have claws for hands.
Your metabolism is lightning-fast.
You like to eat raw meat.
You heal very quickly.
You are covered in fur. (AC +1)
You have very tough skin. (AC +2)
You have a pair of small antennae on your head.
You have sharp toenails.
You are mostly covered in icy blue scales. (AC +3)
You have supernaturally acute eyesight. (SInv)
Your mind is very acute. (Int +4)
Your flesh is almost immune to the effects of cold. (rC+++)
You are frail. (-10% HP)
You are somewhat resistant to both further mutation and mutation removal.
You passively map a small area around you.
Your muscles are strong. (Str +2)
You expend magic power (3 MP) to strengthen your wands.
Your movements are slightly less encumbered by armour. (ER -2)


Message History

Throwing (i - inventory. (/) - cycle)
c - 103 large rocks (quivered)
Press: ? - help, Shift-Dir - straight line, f/p - juggernaut
Aim: a juggernaut (heavily wounded, confused)
You throw a large rock.
The large rock hits the juggernaut but does no damage.
The juggernaut is heavily wounded.
You hear a grinding noise.
Throwing (i - inventory. (/) - cycle)
c - 102 large rocks (quivered)
Press: ? - help, Shift-Dir - straight line, f/p - juggernaut
Aim: a juggernaut (heavily wounded, confused)
You throw a large rock. The large rock hits the juggernaut.
The juggernaut is heavily wounded.
The juggernaut seems less confused.
Some rock shatters into small pieces.
Throwing (i - inventory. (/) - cycle)
c - 101 large rocks (quivered)
Press: ? - help, Shift-Dir - straight line, f/p - juggernaut
Aim: a juggernaut (heavily wounded)
You throw a large rock. The large rock hits the juggernaut!!!
The juggernaut is almost dead.
The juggernaut hits you!!!
You die...

#*,#.......###.#.. ,, #.# ##
#.#####.....#.# #####, ,#.#
.#,#.#..e#######.#,#.).#,,,#.#
* .#,#.#.YDiupCC.p.#,#)|)# #.#
* .# #.#...#D#####(. #...# #.#
.#,#.#####.#####(# ##.######.#
.#,#..........#.(# #........#
.#,#######G##.{#C# ####.#####
* ##,* {{{#u# ##@#{*, ,#.## *
#*, , #.# #.#{ #..# *, ,* ,..#
#.#{ #=.# , * ,,,****###,, #.#
,,#### ** ** ** #.# * * #.#
#.# *..#


You could see a juggernaut and a hell knight.

Vanquished Creatures
  An ancient lich (Abyss:2)
  A juggernaut (Depths:2)
  Vashnia (Snake:4)
  The ghost of Ihugoush the Executioner, a veteran HOMo of Beogh (Vaults:1)
  3 liches
  The ghost of Qisodgh Bupse the Fighter, an adept DsGl of Gozag (Vaults:2)
  2 deep elf blademasters (Elf:3)
  2 deep elf master archers (Elf:3)
  The ghost of Ojaxim the Severer, an adept MiFi of Okawaru (Vaults:3)
  2 tentacled starspawn (Abyss:2)
  A kraken (Shoals:3)
  Frances (Snake:1)
  3 sphinxes
  4 tengu reavers
  11 nagarajas
  2 fire giants
  13 vault wardens
  5 deep elf sorcerers
  Louise (Elf:3)
  5 orc warlords
  4 frost giants
  3 imperial myrmidons (Desolation)
  2 deep elf elementalists
  An iron dragon (Elf:1)
  An angel (Abyss:2)
  A reaper (Abyss:2)
  10 ironheart preservers
  A war gargoyle (Vaults:1)
  18 stone giants
  The ghost of DankestMemes the Bludgeoner, a journeyman GrBe of Trog (Lair:5)
  5 very ugly things
  Nessos (Lair:4)
  An entropy weaver (Vaults:4)
  A caustic shrike skeleton (D:15)
  Azrael (Snake:1)
  7 deep elf demonologists (Elf:3)
  6 deep elf annihilators
  A halazid warlock (Desolation)
  A minotaur (Gauntlet)
  A vampire knight (Depths:1)
  A dire elephant (Shoals:3)
  An eidolon (Abyss:3)
  The ghost of Ugokhlim the Basher, a journeyman MiBe of Trog (Lair:4)
  2 merfolk javelineers (Shoals:4)
  8 deep elf death magi
  2 death oozes (Lair:5)
  An ettin (Vaults:4)
  11 merfolk impalers
  6 fire dragons
  2 crystal guardians (Desolation)
  5 ragged hierophants (Desolation)
  3 deep elf high priests
  8 yaktaur captains
  10 great orbs of eyes
  Harold (D:7)
  11 ogre magi
  15 vault guards
  4 ice dragons
  Fannar (D:11)
  2 rakshasas
  16 naga warriors
  6 servants of whispers (Desolation)
  An alligator snapping turtle (Shoals:2)
  3 hydras
  7 peacekeepers
  3 merfolk avatars
  3 merfolk aquamancers
  3 catoblepae
  A death knight (D:14)
  8 anacondas
  9 centaur warriors
  36 two-headed ogres
  25 dancing weapons
  5 death yaks
  4 deep troll shamans
  A vampire mage (D:14)
  17 naga sharpshooters
  4 tengu warriors
  6 orc high priests
  A spriggan berserker (Depths:2)
  3 thrashing horrors
  A shock serpent (shapeshifter) (Depths:1)
  16 deep elf knights
  2 deep troll earth magi
  Urug (Lair:6)
  Sonja (D:13)
  4 shock serpents
  2 wretched stars (Abyss:2)
  A hell knight (Abyss:4)
  16 skeletal warriors
  A shadow wraith (Vaults:2)
  An iron troll (Depths:1)
  A sixfirhy (Abyss:4)
  3 unseen horrors
  A flayed ghost (D:15)
  7 salamander mystics
  3 spatial maelstroms
  A storm dragon skeleton (Vaults:3)
  9 deep trolls
  7 naga ritualists
  2 glowing orange brains
  A death drake (shapeshifter) (Orc:2)
  An unseen horror (shapeshifter) (Vaults:4)
  10 sea snakes
  A phantasmal warrior (D:14)
  A lindwurm (Lair:6)
  10 wizards
  2 tengu zombies
  17 ironbrand convokers
  10 deep elf archers
  8 harpies
  8 large abominations
  5 necromancers
  19 orc knights
  3 wolf spiders
  46 ugly things
  2 oklob plants (Lair:6)
  17 salamanders
  3 salamanders (shapeshifter)
  13 fauns
  6 mana vipers
  3 orc sorcerers
  43 deep elf magi
  7 cyclopes
  7 elephants
  12 manticores
  A fire giant zombie (Vaults:2)
  3 centaur zombies
  10 merfolk sirens
  2 cyclopes (shapeshifter)
  Joseph (Lair:1)
  27 black mambas
  4 molten gargoyles
  10 vault sentinels
  7 guardian serpents
  A fire giant skeleton (Vaults:2)
  6 water nymphs
  22 naga magi
  11 spiny frogs
  4 smoke demons
  6 kobold demonologists
  A rime drake (Lair:6)
  A spiny frog (shapeshifter) (Vaults:4)
  9 komodo dragons
  An efreet (Abyss:2)
  4 hellwings (Abyss:4)
  47 yaktaurs
  3 tengu conjurers
  4 freezing wraiths
  A yaktaur skeleton (D:15)
  An ancient zyme (Elf:3)
  A polar bear (Lair:6)
  9 trolls
  3 meliai (Gauntlet)
  A queen bee (shapeshifter) (Vaults:3)
  2 hornets
  8 raiju
  A polar bear (shapeshifter) (Vaults:4)
  8 snapping turtles
  A queen bee (Lair:1)
  11 wind drakes
  21 slime creatures
  5 blink frogs (Lair:4)
  28 merfolk
  42 saltlings (Desolation)
  A blink frog (shapeshifter) (Vaults:4)
  21 dream sheep
  A stone giant simulacrum (Vaults:3)
  15 hippogriffs
  A meliai zombie (D:14)
  2 human simulacra
  A vampire (Abyss:2)
  A spriggan (D:7)
  4 wraiths
  Sigmund (D:6)
  2 air elementals
  2 ettin skeletons (Vaults:3)
  2 redbacks (Vaults:4)
  4 small abominations
  A spriggan skeleton (D:15)
  4 ynoxinuls
  4 shadows
  8 basilisks
  A fire bat (Abyss:3)
  Eustachio (D:4)
  14 water elementals
  51 yaks
  7 wyverns
  A yak (shapeshifter) (Vaults:4)
  Grum (D:10)
  5 chaos spawn
  3 golden eyes (Abyss:2)
  A hungry ghost (D:10)
  4 neqoxecs
  A golden eye (shapeshifter) (Vaults:2)
  5 fire elementals
  2 steam dragons (Lair:6)
  A harpy simulacrum (D:15)
  An insubstantial wisp (Abyss:2)
  Edmund (D:5)
  7 hell hounds
  A deep troll zombie (Vaults:2)
  Menkaure (D:4)
  2 acid dragons
  57 nagas
  3 spatial vortices
  4 wargs
  21 water moccasins
  A water moccasin (shapeshifter) (Vaults:3)
  10 porcupines
  2 hornet zombies
  An ettin simulacrum (Vaults:3)
  3 black bears
  4 human zombies
  58 orc warriors
  An eye of draining (shapeshifter) (Elf:3)
  3 eyes of draining
  10 ice beasts
  8 sky beasts
  11 boggarts
  56 ogres
  2 necrophages
  15 wolves
  43 centaurs
  3 phantoms
  A boggart (shapeshifter) (Vaults:2)
  9 crocodiles
  3 elf zombies (Ossuary)
  Blork the orc (D:4)
  4 big kobolds
  25 bullfrogs
  2 glowing shapeshifter simulacra
  2 earth elementals
  2 wyvern zombies
  2 scorpions
  21 killer bees (Lair:1)
  10 wights (D:15)
  6 electric eels
  A howler monkey (D:4)
  5 lava snakes (Lair:6)
  8 crimson imps
  2 quasits (D:9)
  7 hounds
  A gnoll shaman (D:8)
  14 orc priests
  3 bullfrog skeletons
  11 jellies
  7 centaur skeletons
  5 iguanas
  Ijyb (D:5)
  13 human skeletons
  17 orc wizards
  9 worker ants
  A big kobold zombie (Ossuary)
  3 hound zombies
  3 hound skeletons
  3 mummies (Ossuary)
  A gnoll (shapeshifter) (Vaults:2)
  A worker ant zombie (D:6)
  9 gnolls
  10 adders
  6 shadow imps
  3 white imps
  An ufetubus (Abyss:2)
  A worm zombie (D:6)
  5 adder zombies
  3 adder skeletons
  2 worms
  2 leopard geckos
  141 orcs
  3 ball pythons
  5 giant cockroaches
  3 gnoll zombies (Ossuary)
  11 goblins
  5 hobgoblins
  17 jackals
  15 kobolds
  3 quokkas
  6 bats
  3 frilled lizards
  2 goblin zombies (Ossuary)
  4 hobgoblin zombies (Ossuary)
  2 jackal zombies (Ossuary)
  3 kobold zombies (Ossuary)
  A leopard gecko skeleton (D:4)
  A leopard gecko zombie (D:5)
  2 orc zombies (Ossuary)
  2 quokka zombies
  4 rats
  2 rat zombies (Ossuary)
  2 bushes (Shoals:3)
  5 crawling corpses (Elf:3)
  2 plants (Shoals:1)
  3 starspawn tentacles (Abyss:2)
  4 tentacles (Shoals:3)
2047 creatures vanquished.

Vanquished Creatures (collateral kills)
  An ironheart preserver (Vaults:2)
  A merfolk javelineer (Shoals:4)
  A peacekeeper (Desolation)
  A dancing weapon (Elf:2)
  A centaur warrior (Depths:1)
  A naga sharpshooter (Snake:3)
  A salamander mystic (Snake:3)
  An ironbrand convoker (Desolation)
  A deep elf mage (Elf:3)
  2 ugly things (Vaults:3)
  3 salamanders (Snake:3)
  2 black mambas
  A naga mage (Snake:2)
  5 saltlings (Desolation)
  A hippogriff (Lair:3)
  2 yaks (D:11)
  An orc warrior (Vaults:3)
  A wolf (Lair:6)
  A centaur (D:11)
  2 killer bees (Lair:1)
  An orc wizard (D:5)
  An adder (D:5)
  3 orcs
35 creatures vanquished.

Vanquished Creatures (others)
  A tentacled starspawn (Abyss:2)
  A very ugly thing (Vaults:3)
  A naga warrior (Snake:4)
  3 dancing weapons
  A merfolk aquamancer (Shoals:4)
  A glowing orange brain (Vaults:2)
  A guardian serpent (Snake:2)
  A yaktaur (Vaults:4)
  3 merfolk (Shoals:4)
  A golden eye (Abyss:2)
  2 nagas
  3 boggarts (Vaults:2)
  2 centaurs (Depths:1)
  A hound (D:10)
  A ball lightning (D:12)
  A hobgoblin zombie (Ossuary)
  5 fungi
  A plant (Lair:6)
  3 starspawn tentacles (Abyss:2)
  10 tentacles (Shoals:3)
  6 withered plants (D:15)
49 creatures vanquished.

Grand Total: 2131 creatures vanquished

Notes
Turn   | Place    | Note
-------+----------+-------------------------------------------
     0 | D:1      | rageheart7 the Troll Hunter began the quest for the Orb.
     0 | D:1      | Reached XP level 1. HP: 19/19 MP: 0/0
   458 | D:1      | Reached skill level 1 in Unarmed Combat
   462 | D:1      | Reached XP level 2. HP: 20/28 MP: 1/1
   977 | D:2      | Reached XP level 3. HP: 26/35 MP: 2/2
   978 | D:2      | Reached skill level 2 in Unarmed Combat
  1054 | D:2      | Found a radiant altar of Vehumet.
  1054 | D:2      | Found a snail-covered altar of Cheibriados.
  1059 | D:2      | Found a hazy altar of Hepliaklqana.
  1059 | D:2      | Found a basalt altar of Yredelemnul.
  1133 | D:2      | Reached XP level 4. HP: 17/44 MP: 1/3
  1138 | D:2      | Reached skill level 3 in Unarmed Combat
  1241 | D:2      | Found a shimmering altar of Xom.
  1551 | D:2      | Became a worshipper of Xom of Chaos
  1803 | D:3      | Reached XP level 5. HP: 50/50 MP: 4/4
  2181 | D:4      | XOM: harmless Summ miscast
  2185 | D:4      | Reached skill level 4 in Unarmed Combat
  2212 | D:4      | Noticed an ogre
  2217 | D:4      | Killed an ogre
  2217 | D:4      | Reached skill level 5 in Unarmed Combat
  2250 | D:4      | Noticed Eustachio
  2254 | D:4      | XOM: potion effect (might)
  2279 | D:4      | Killed Eustachio
  2279 | D:4      | Reached XP level 6. HP: 43/61 MP: 5/5
  2305 | D:4      | Reached skill level 6 in Unarmed Combat
  2353 | D:4      | Noticed Menkaure
  2353 | D:4      | Noticed Blork the orc
  2357 | D:4      | Killed Menkaure
  2357 | D:4      | Reached XP level 7. HP: 56/67 MP: 6/6
  2364 | D:4      | XOM: cast spell 'Summon Butterflies'
  2367 | D:4      | XOM: silly message
  2369 | D:4      | XOM: potion effect (haste)
  2374 | D:4      | Killed Blork the orc
  2374 | D:4      | Reached skill level 7 in Unarmed Combat
  2392 | D:4      | Found a staircase to the Ecumenical Temple.
  2657 | D:4      | XOM: harmless Summ miscast
  2938 | D:5      | Entered Level 5 of the Dungeon
  2942 | D:5      | Reached skill level 8 in Unarmed Combat
  3015 | D:5      | Reached XP level 8. HP: 75/75 MP: 7/7
  3029 | D:5      | XOM: potion effect (invisibility)
  3129 | D:5      | Reached skill level 9 in Unarmed Combat
  3142 | D:5      | XOM: cast spell 'Summon Small Mammal'
  3145 | D:5      | XOM: harmless Tloc miscast
  3173 | D:5      | XOM: divination: magic mapping
  3176 | D:5      | Noticed Edmund
  3188 | D:5      | Killed Edmund
  3585 | D:5      | XOM: cast spell 'Summon Mana Viper'
  3605 | D:5      | XOM is BORED!
  3605 | D:5      | XOM: noise
  3620 | D:5      | Noticed Ijyb
  3629 | D:5      | Killed Ijyb
  3638 | D:5      | Reached skill level 10 in Unarmed Combat
  3646 | D:5      | Got a crude shield
  3647 | D:5      | Identified the +1 shield of Salvation {rN+ Regen+ Slay+3
                  | Stlth+} (You found it on level 5 of the Dungeon)
  3684 | D:5      | Found the +3 pair of gauntlets of War {Slay+5}
  3973 | D:6      | Found a sand-covered staircase.
  3991 | Ossuary  | Entered an ossuary
  4017 | Ossuary  | XOM: destruction
  4023 | Ossuary  | XOM: enchant monster (bad)
  4027 | Ossuary  | XOM: 1-stop teleportation journey
  4037 | Ossuary  | XOM: enchant monster (bad)
  4040 | Ossuary  | XOM: confusion
  4143 | Ossuary  | XOM: give mutation
  4143 | Ossuary  | Gained mutation: Armour fits poorly on your strangely
                  | shaped body. [Xom's mischief]
  4156 | Ossuary  | Reached XP level 9. HP: 84/84 MP: 8/8
  4260 | D:6      | Noticed Sigmund
  4265 | D:6      | Killed Sigmund
  4265 | D:6      | Reached skill level 11 in Unarmed Combat
  4363 | D:6      | XOM: confuse monster(s)
  4407 | D:6      | XOM: give mutations
  4407 | D:6      | Gained mutation: You can translocate small distances at
                  | will. [Xom's grace]
  4407 | D:6      | Gained mutation: You are agile. (Dex +2) [Xom's grace]
  4407 | D:6      | Gained mutation: You are partially covered in icy blue
                  | scales. (AC +2) [Xom's grace]
  4508 | D:6      | Found a sacrificial altar of Ru.
  4575 | D:6      | XOM is BORED!
  4594 | D:6      | Reached skill level 1 in Shields
  4602 | D:6      | XOM: divination: magic mapping
  4946 | D:7      | Noticed Harold
  4949 | D:7      | XOM: cleaving
  4965 | D:7      | Killed Harold
  4965 | D:7      | Reached skill level 12 in Unarmed Combat
  5032 | D:7      | XOM: divination: detect creatures
  5034 | D:7      | XOM: give mutations
  5034 | D:7      | Gained mutation: You have sharp toenails. [Xom's grace]
  5034 | D:7      | Gained mutation: You heal very quickly. [Xom's grace]
  5034 | D:7      | Gained mutation: Your movements are slightly less
                  | encumbered by armour. (ER -2) [Xom's grace]
  5034 | D:7      | Gained mutation: Your spells are a little harder to cast,
                  | but a little more powerful. [Xom's grace]
  5086 | D:7      | XOM: scenery: create altars
  5116 | D:7      | XOM: god gift: 24 stones
  5254 | D:7      | Reached XP level 10. HP: 86/94 MP: 9/9
  5501 | D:7      | Lost mutation: You can translocate small distances at will.
                  | [potion of mutation]
  5501 | D:7      | Lost mutation: Your spells are a little harder to cast, but
                  | a little more powerful. [potion of mutation]
  5501 | D:7      | Gained mutation: You are robust. (+10% HP) [potion of
                  | mutation]
  5501 | D:7      | Gained mutation: Your muscles are strong. (Str +2) [potion
                  | of mutation]
  5501 | D:7      | Gained mutation: You have a pair of small antennae on your
                  | head. [potion of mutation]
  5568 | D:8      | Reached skill level 13 in Unarmed Combat
  5598 | D:8      | XOM: swap monsters
  5615 | D:8      | Found a staircase to the Lair.
  5622 | D:8      | Noticed an elephant
  5633 | D:8      | Killed an elephant
  5948 | D:8      | Reached skill level 14 in Unarmed Combat
  6052 | D:8      | Reached skill level 5 in Fighting
  6263 | D:9      | XOM: medium Chrm miscast
  6288 | D:9      | Noticed a two-headed ogre
  6297 | D:9      | XOM: divination: detect items
  6365 | D:9      | Got a faintly glowing flail
  6388 | D:9      | Killed a two-headed ogre
  6389 | D:9      | XOM: polymorph crimson imp -> white imp
  6392 | D:9      | Reached XP level 11. HP: 89/115 MP: 10/10
  6742 | D:9      | XOM: harmless Tmut miscast
  6767 | D:9      | XOM: stat loss: -1 Dex (14/15)
  6791 | D:9      | XOM: severe Erth miscast
  6798 | D:9      | Found a hazy altar of Hepliaklqana.
  6848 | D:9      | Found a stormy altar of Qazlal.
  6851 | D:9      | Found a sparkling altar of Nemelex Xobeh.
  6906 | D:9      | XOM: medium Summ miscast
  7026 | D:10     | Entered Level 10 of the Dungeon
  7067 | D:10     | Noticed Grum
  7086 | D:10     | Killed Grum
  7173 | D:10     | Reached skill level 5 in Shields
  7210 | D:10     | You fall through a shaft!
  7214 | D:11     | XOM: confusion (+ monsters)
  7239 | D:10     | Noticed a centaur warrior
  7245 | D:10     | XOM: 4-stop teleportation journey
  7388 | D:10     | XOM: medium Tmut miscast
  7393 | D:10     | Killed a centaur warrior
  7494 | D:10     | XOM: give mutations
  7494 | D:10     | Gained mutation: You passively map a small area around you.
                  | [Xom's grace]
  7494 | D:10     | Gained mutation: You expend magic power (3 MP) to
                  | strengthen your wands. [Xom's grace]
  7494 | D:10     | Gained mutation: You are resistant to hostile enchantments.
                  | (MR+) [Xom's grace]
  7494 | D:10     | Gained mutation: You are somewhat resistant to further
                  | mutation. [Xom's grace]
  7555 | D:10     | Killed an unseen horror
  7831 | D:11     | Found a staircase to the Orcish Mines.
  7831 | D:11     | Noticed a two-headed ogre
  7839 | D:11     | Killed a two-headed ogre
  7841 | D:11     | XOM: summons friendly iron imp
  7969 | D:11     | XOM: silly message
  7969 | D:11     | Noticed a skeletal warrior
  7974 | D:11     | Noticed a skeletal warrior
  7974 | D:11     | Noticed a skeletal warrior
  7983 | D:11     | Killed a skeletal warrior
  7991 | D:11     | XOM: scenery: create altars
  7993 | D:11     | Killed a skeletal warrior
  8000 | D:11     | Killed a skeletal warrior
  8240 | D:11     | Reached XP level 12. HP: 129/129 MP: 11/11
  8405 | D:11     | XOM: god gift: 2 large rocks
  8457 | D:11     | XOM: scenery: create altars
  8527 | D:11     | Noticed Fannar
  8544 | D:11     | Killed Fannar
  8597 | D:12     | XOM: cleaving
  8734 | D:9      | XOM: give mutation
  8734 | D:9      | Lost mutation: You expend magic power (3 MP) to strengthen
                  | your wands. [Xom's mischief]
  8773 | Lair:1   | Entered Level 1 of the Lair of Beasts
  8875 | Lair:1   | Noticed Joseph
  8886 | Lair:1   | Killed Joseph
  8890 | Lair:1   | Identified the +7 flail of Kozeb {drain, +Inv} (You found
                  | it on level 9 of the Dungeon)
  9007 | Lair:1   | XOM: harmless Tmut miscast
  9034 | Lair:1   | XOM: harmless Tmut miscast
  9236 | Lair:1   | XOM: cleaving
  9279 | Lair:1   | XOM: summons 3 friendly demons
  9282 | Lair:1   | XOM: summons 12 friendly demons
  9295 | Lair:1   | XOM: noise
  9308 | Lair:1   | XOM: polymorph killer bee -> jelly
  9311 | Lair:1   | XOM: harmless Erth miscast
  9651 | Lair:2   | XOM: enchant monster (bad)
  9733 | Lair:2   | XOM: harmless Pois miscast
  9850 | Lair:2   | Reached skill level 10 in Shields
  9857 | Lair:2   | Found a staircase to the Shoals.
 10135 | Lair:2   | Got a distressingly furry robe
 10146 | Lair:2   | Identified the cursed +1 robe "Iloreecit" {rF+} (You found
                  | it on level 2 of the Lair of Beasts)
 10200 | Lair:3   | Found a gate leading to a gauntlet.
 10218 | Gauntlet | Entered a Gauntlet
 10218 | Gauntlet | Found a transporter.
 10218 | Gauntlet | Found a transporter.
 10231 | Gauntlet | Found a transporter.
 10231 | Gauntlet | Found a transporter.
 10234 | Gauntlet | Found a transporter.
 10234 | Gauntlet | Found a transporter.
 10251 | Gauntlet | Noticed a dire elephant
 10252 | Gauntlet | Found a transporter.
 10256 | Gauntlet | Found a transporter.
 10257 | Gauntlet | Found a transporter.
 10257 | Gauntlet | Found a transporter.
 10266 | Gauntlet | Found a transporter.
 10267 | Gauntlet | Found a transporter.
 10282 | Gauntlet | XOM: medium Hex miscast
 10326 | Gauntlet | XOM: harmless Hex miscast
 10364 | Gauntlet | XOM: silly message
 10386 | Gauntlet | Got a translucent copper ring
 10390 | Gauntlet | Identified the cursed ring of the Dozen Queens {rF+ Str+5
                  | Int-3 SInv} (You found it in a Gauntlet)
 10438 | Gauntlet | XOM: confuse monster(s)
 10448 | Gauntlet | Got a glittering ivory amulet
 10459 | Gauntlet | Identified the +11 trident "Hydra's Funeral" {pierce,
                  | Int+7}
 10459 | Gauntlet | Identified the ring "Modug" {Ice Dex+4}
 10459 | Gauntlet | Noticed a minotaur
 10464 | Gauntlet | XOM: swap monsters
 10475 | Gauntlet | Killed a minotaur
 10488 | Gauntlet | Identified 3 scrolls of acquirement
 10489 | Gauntlet | Got a sparkling brass amulet
 10492 | Gauntlet | Found the +8 demon blade "Leech" {vamp, rN+ AC-3 EV-3}
 10494 | Gauntlet | Got an ichor-stained hat
 10500 | Gauntlet | Identified the +0 hat "Ynymil Fetz" {+Fly rF- Regen+
                  | Stlth-} (You acquired it in a Gauntlet)
 10510 | Gauntlet | Identified the amulet of a Thousand Eyes {Harm *Drain
                  | Int+4} (You acquired it in a Gauntlet)
 10516 | Gauntlet | Identified the amulet "Oghoom" {RegenMP rElec MR- Str+3}
                  | (You found it in a Gauntlet)
 10589 | Lair:3   | XOM: cloud trail
 10615 | Lair:3   | XOM: god gift: 12 stones
 10633 | Lair:3   | Reached XP level 13. HP: 117/143 MP: 12/12
 10766 | Lair:3   | Found a staircase to the Snake Pit.
 10777 | Lair:3   | XOM: summons friendly white imp
 10877 | Lair:3   | XOM: summons 1 hostile shadow creature
 11370 | Lair:4   | XOM: swap monsters
 11523 | Lair:4   | XOM: summons 6 hostile demons
 11534 | Lair:4   | XOM: summons friendly quasit
 11537 | Lair:4   | XOM: summons friendly quasit
 11547 | Lair:4   | XOM: swap monsters
 11548 | Lair:4   | XOM: summons 6 hostile demons
 11578 | Lair:4   | XOM: stat loss: -1 Dex (19/20)
 11703 | Lair:4   | Found a runed door.
 11704 | Lair:4   | Noticed Ugokhlim's ghost (journeyman MiBe)
 11734 | Lair:4   | Noticed Nessos
 11734 | Lair:4   | XOM: harmless Tmut miscast
 11742 | Lair:4   | Killed Nessos
 11947 | Lair:4   | XOM: enchant monster (bad)
 11994 | Lair:4   | Found the +8 whip "Snakebite" {curare, rPois}
 12197 | Lair:4   | XOM: summons 6 hostile demons
 12412 | Lair:4   | Killed Ugokhlim's ghost
 12419 | Lair:4   | Got a slimy cloak
 12504 | Lair:5   | XOM: harmless Conj miscast
 12516 | Lair:5   | XOM: blink monster(s)
 12580 | Lair:5   | Found a runed gate.
 12580 | Lair:5   | Found a runed gate.
 12580 | Lair:5   | Found a runed gate.
 12583 | Lair:5   | Noticed a death ooze
 12583 | Lair:5   | Noticed a death ooze
 12584 | Lair:5   | Noticed DankestMemes's ghost (journeyman GrBe)
 12587 | Lair:5   | Found a viscous altar of Jiyva.
 12616 | Lair:5   | XOM: fake destruction
 12618 | Lair:5   | XOM: enchant monster (good)
 13057 | Lair:5   | Identified the +1 cloak of the Final Places {Int+3} (You
                  | found it on level 4 of the Lair of Beasts)
 13087 | Lair:4   | XOM: summons 3 hostile demons
 13185 | Lair:6   | Entered Level 6 of the Lair of Beasts
 13193 | Lair:6   | XOM: summons 3 hostile demons
 13288 | Lair:6   | XOM: confusion (+ monsters)
 13328 | Lair:6   | XOM: 1-stop teleportation journey
 13329 | Lair:6   | XOM: polymorph dream sheep -> water nymph
 13337 | Lair:6   | XOM: confusion
 13352 | Lair:6   | XOM: chaos upgrade
 13453 | Lair:6   | XOM: harmless Air miscast
 13471 | Lair:6   | Reached XP level 14. HP: 154/154 MP: 13/13
 13481 | Lair:6   | XOM: confusion (+ monsters)
 13484 | Lair:6   | XOM: summons friendly crimson imp
 13486 | Lair:6   | XOM: confuse monster(s)
 13494 | Lair:6   | Reached skill level 1 in Armour
 13559 | Lair:6   | XOM: noise
 13560 | Lair:6   | XOM: confusion (+ monsters)
 13661 | Lair:6   | XOM: blink monster(s)
 13689 | Lair:6   | XOM: summons friendly quasit
 13698 | Lair:6   | XOM: blink monster(s)
 13747 | Lair:6   | XOM: confusion
 13751 | Lair:6   | XOM: blink monster(s)
 13765 | Lair:6   | XOM: cleaving
 13768 | Lair:6   | XOM: scenery: create altars
 13818 | Lair:5   | XOM: give mutations
 13818 | Lair:5   | Gained mutation: You are mostly covered in icy blue scales.
                  | (AC +3) [Xom's grace]
 13818 | Lair:5   | Gained mutation: You expend magic power (3 MP) to
                  | strengthen your wands. [Xom's grace]
 13818 | Lair:5   | Gained mutation: Your mind is acute. (Int +2) [Xom's grace]
 13938 | Lair:6   | XOM: harmless Necr miscast
 14044 | Lair:6   | Found a large runed door.
 14045 | Lair:6   | Found a large runed door.
 14092 | Lair:6   | XOM: scenery: create altars
 14132 | Lair:6   | Noticed Urug
 14143 | Lair:6   | Killed Urug
 14185 | Lair:6   | Found a staircase to the Slime Pits.
 14245 | Lair:6   | XOM: medium Chrm miscast
 14440 | Lair:6   | XOM: noise
 14446 | Lair:6   | XOM: summons friendly ufetubus
 14448 | Lair:6   | XOM: summons friendly ufetubus
 14461 | Lair:6   | XOM: stat loss: -1 Int (5/6)
 14556 | Lair:6   | XOM: polymorph ufetubus -> ufetubus
 14597 | Lair:6   | XOM: harmless Air miscast
 14709 | Lair:6   | XOM: god gift: 6 silver tomahawks
 14928 | D:12     | XOM: summons 2 friendly demons
 15068 | D:12     | Reached skill level 5 in Armour
 15195 | D:12     | XOM: severe Air miscast
 15289 | D:12     | XOM: repel stairs
 15341 | D:13     | XOM: chaos cloud
 15387 | D:13     | Noticed Sonja
 15448 | D:13     | Reached skill level 15 in Unarmed Combat
 15461 | D:13     | XOM: summons 7 hostile demons
 15536 | D:13     | Found a gate to the Vaults.
 15599 | D:13     | XOM: harmless Necr miscast
 15652 | D:13     | XOM: smoke on damage
 15669 | D:13     | XOM: medium Chrm miscast
 15792 | D:13     | Killed Sonja
 15814 | D:13     | XOM: polymorph orc priest -> porcupine
 15818 | D:13     | XOM: confuse monster(s)
 15864 | D:13     | Reached skill level 10 in Fighting
 16059 | D:14     | XOM: 6-stop teleportation journey
 16068 | D:14     | Found a shattered altar of Ashenzari.
 16074 | D:14     | XOM: fog
 16086 | D:14     | XOM: 6-stop teleportation journey
 16094 | D:14     | XOM: enchant monster (good)
 16139 | D:14     | XOM: confuse monster(s)
 16157 | D:14     | Reached XP level 15. HP: 75/163 MP: 14/14
 16187 | D:14     | XOM: mild Hex miscast
 16321 | D:14     | Reached skill level 16 in Unarmed Combat
 16375 | D:14     | Cast into level 2 of the Abyss (a wizard)
 16524 | Abyss:2  | Noticed an ancient lich
 16528 | Abyss:2  | Noticed a Brimstone Fiend
 16530 | Abyss:2  | XOM: smoke on damage
 16535 | Abyss:2  | XOM: summons friendly iron imp
 16536 | Abyss:2  | XOM: fake destruction
 16539 | Abyss:2  | Killed an ancient lich
 16624 | Abyss:2  | XOM: mild Ice miscast
 16640 | D:14     | Escaped the Abyss
 16741 | D:14     | Found the +12 glaive of Prune {chop}
 16858 | D:14     | XOM: summons 11 friendly demons
 17183 | D:14     | XOM: noise
 17282 | D:15     | Entered Level 15 of the Dungeon
 17308 | D:15     | XOM: summons 3 friendly demons
 17311 | D:15     | XOM: noise
 17317 | D:15     | Reached skill level 17 in Unarmed Combat
 17325 | D:15     | XOM: confusion
 17415 | D:15     | XOM: chaos upgrade
 17436 | D:15     | Paralysed by a great orb of eyes for 5 turns
 17446 | D:15     | XOM: harmless Conj miscast
 17503 | D:15     | XOM: give mutations
 17503 | D:15     | Lost mutation: You are agile. (Dex +2) [Xom's mischief]
 17503 | D:15     | Lost mutation: Your mind is acute. (Int +2) [Xom's
                  | mischief]
 17503 | D:15     | Lost mutation: Armour fits poorly on your strangely shaped
                  | body. [Xom's mischief]
 17548 | D:15     | Found a large runed door.
 17551 | D:15     | Found a large runed door.
 17584 | D:15     | XOM: enchant monster (bad)
 17586 | D:15     | Found a staircase to the Depths.
 17781 | D:15     | XOM: noise
 17941 | D:15     | XOM: severe Necr miscast
 17949 | D:15     | XOM: draining
 17951 | D:15     | XOM: chaos cloud
 17956 | D:15     | XOM: potion effect (might)
 17961 | D:15     | Paralysed by you for 2 turns
 18168 | D:15     | XOM: noise
 18209 | D:15     | XOM: enchant monster (bad)
 18294 | D:15     | XOM: summons 4 hostile demons
 18336 | D:15     | XOM: summons 4 hostile demons
 18336 | D:15     | Noticed a tengu reaver
 18359 | D:15     | Killed a tengu reaver
 18359 | D:15     | Reached skill level 18 in Unarmed Combat
 18359 | D:15     | Reached XP level 16. HP: 143/170 MP: 15/15
 18365 | D:15     | Found a burning altar of Makhleb.
 18373 | D:15     | Found a basalt altar of Yredelemnul.
 18403 | D:15     | XOM: summons friendly orange demon
 18569 | Snake:1  | Entered Level 1 of the Snake Pit
 18638 | Lair:5   | Killed DankestMemes's ghost
 18646 | Lair:5   | XOM: summons 1 hostile demon
 18675 | Lair:5   | Got an ichor-stained quarterstaff
 18676 | Lair:5   | Identified the +9 quarterstaff of Propriety {holy, rF+ MR+
                  | Str+4 Dex-3} (You found it on level 5 of the Lair of
                  | Beasts)
 18735 | Lair:4   | XOM: give mutation
 18735 | Lair:4   | Lost mutation: You are robust. (+10% HP) [Xom's mischief]
 18845 | Orc:1    | Entered Level 1 of the Orcish Mines
 18921 | Orc:1    | Found a flagged portal.
 18939 | Bailey   | Entered a bailey
 19563 | Bailey   | XOM: stat loss: -1 Dex (18/19)
 19728 | Orc:1    | Found a roughly hewn altar of Beogh.
 19880 | Orc:1    | XOM: summons 5 hostile demons
 19895 | Orc:1    | Got a steaming robe
 19896 | Orc:1    | Identified the +1 robe "Ileno" {rN++} (You acquired it on
                  | level 1 of the Orcish Mines)
 19903 | Orc:1    | XOM: harmless Erth miscast
 20025 | Orc:1    | XOM: summons 8 hostile demons
 20235 | Orc:2    | Entered Level 2 of the Orcish Mines
 20238 | Orc:2    | XOM: confusion
 20239 | Orc:2    | XOM: harmless Erth miscast
 20250 | Orc:2    | XOM: give mutations
 20250 | Orc:2    | Gained mutation: Scrolls take you a little longer to read.
                  | [Xom's mischief]
 20250 | Orc:2    | Lost mutation: Scrolls take you a little longer to read.
                  | [Xom's mischief]
 20262 | Orc:2    | Found Ogisom's Gadget Boutique.
 20289 | Orc:2    | Found Nowiz's Distillery.
 20304 | Orc:2    | Found Efoculon's Distillery.
 20405 | Orc:2    | Found a burning altar of Makhleb.
 20513 | Orc:2    | Found Faweiban's Assorted Antiques.
 20513 | Orc:2    | Found Lellall's Gadget Shop.
 20514 | Orc:2    | XOM: polymorph ogre mage -> slime creature
 20515 | Orc:2    | Found Roaph's Weapon Boutique.
 20515 | Orc:2    | Found Vessoan's Antique Armour Emporium.
 20519 | Orc:2    | XOM: noise
 20533 | Orc:2    | Reached skill level 10 in Armour
 20534 | Orc:2    | XOM: 7-stop teleportation journey
 20562 | Orc:2    | XOM: summons friendly shadow imp
 20587 | Orc:2    | Paralysed by an orc sorcerer for 2 turns
 20626 | Orc:2    | XOM: cast spell 'Call Canine Familiar'
 20636 | Orc:2    | XOM: polymorph two-headed ogre -> shock serpent
 20642 | Orc:2    | XOM: confuse monster(s)
 20648 | Orc:2    | Reached skill level 1 in Evocations
 20717 | Orc:2    | Bought a potion of mutation for 304 gold pieces
 20717 | Orc:2    | Bought a potion of haste for 380 gold pieces
 20717 | Orc:2    | Bought a scroll of blinking for 285 gold pieces
 20736 | Orc:2    | Found a staircase to the Elven Halls.
 20750 | Orc:2    | XOM: god gift: 15 gold pieces
 20934 | Orc:2    | Lost mutation: You have sharp toenails. [potion of
                  | mutation]
 20934 | Orc:2    | Lost mutation: You have a pair of small antennae on your
                  | head. [potion of mutation]
 20934 | Orc:2    | Lost mutation: You expend magic power (3 MP) to strengthen
                  | your wands. [potion of mutation]
 20934 | Orc:2    | Gained mutation: You are somewhat resistant to both further
                  | mutation and mutation removal. [potion of mutation]
 20975 | Orc:2    | Bought a potion of curing for 42 gold pieces
 20975 | Orc:2    | Bought a potion of curing for 42 gold pieces
 20975 | Orc:2    | Bought a potion of heal wounds for 70 gold pieces
 20975 | Orc:2    | Bought a potion of berserk rage for 70 gold pieces
 20975 | Orc:2    | Bought a potion of agility for 56 gold pieces
 21255 | Snake:1  | Noticed Frances
 21269 | Snake:1  | Noticed Azrael
 21273 | Snake:1  | Killed Frances
 21277 | Snake:1  | XOM: swap monsters
 21292 | Snake:1  | XOM: scenery: create altars
 21296 | Snake:1  | Killed Azrael
 21296 | Snake:1  | XOM: snakes to sticks
 21407 | Snake:1  | XOM: god gift: ration
 21452 | Snake:1  | XOM: god gift: 16 gold pieces
 21461 | Snake:1  | Got a crude glaive
 21534 | Snake:1  | XOM: god gift: wand of acid (7)
 21611 | Snake:2  | XOM: noise
 21732 | Snake:2  | XOM: summons 4 friendly demons
 21746 | Snake:2  | XOM: potion effect (brilliance)
 21845 | Snake:2  | Identified the +4 glaive "Tiviz" {freeze, +Fly rF+} (You
                  | found it on level 1 of the Snake Pit)
 21869 | Snake:2  | XOM: potion effect (heal wounds)
 21917 | Snake:2  | You fall through a shaft!
 21917 | Snake:3  | Found Pekhom's Jewellery Emporium.
 21930 | Snake:3  | XOM: smoke on damage
 21931 | Snake:3  | XOM: potion effect (brilliance)
 21933 | Snake:3  | Found Uziaforr's Magic Scroll Shoppe.
 21933 | Snake:3  | Found Vanletoepp's Jewellery Emporium.
 21933 | Snake:3  | Found Tiocab's Magic Scroll Shop.
 21936 | Snake:3  | Found Yrrilar's Antique Armour Shoppe.
 21937 | Snake:3  | Found Vitraklu's Jewellery Shoppe.
 21937 | Snake:3  | Found Huiq's Magic Scroll Shoppe.
 21949 | Snake:3  | Bought a scroll of blinking for 105 gold pieces
 21949 | Snake:3  | Bought a scroll of enchant armour for 105 gold pieces
 21949 | Snake:3  | Bought a scroll of teleportation for 42 gold pieces
 21986 | Snake:3  | XOM: harmless Fire miscast
 21994 | Snake:3  | XOM: smoke on damage
 22017 | Snake:3  | Bought a scroll of acquirement for 572 gold pieces
 22026 | Snake:3  | Bought the ring of Enteese {rCorr rF+ Int+4 Dex+6} for 825
                  | gold pieces
 22039 | Snake:3  | XOM: cast spell 'Death Channel'
 22051 | Snake:3  | Reached XP level 17. HP: 143/169 MP: 17/17
 22099 | Snake:3  | Found Emmypium's Food Boutique.
 22312 | Snake:3  | XOM: 1-stop teleportation journey
 22320 | Snake:3  | XOM: summons 8 friendly demons
 22339 | Snake:3  | Found a radiant altar of Vehumet.
 22339 | Snake:3  | Found a transporter.
 22364 | Snake:3  | XOM: scenery: 1 fountains blood, 1 doors open, 2 doors
                  | close
 22389 | Snake:3  | Reached skill level 15 in Armour
 22437 | Snake:3  | Found a transporter.
 22501 | Snake:3  | Got an ancient brass ring
 22502 | Snake:3  | Identified the ring of Wishful Thinking {+Fly EV+2 Str+4}
                  | (You acquired it on level 3 of the Snake Pit)
 22588 | Snake:3  | XOM: harmless Air miscast
 22618 | Snake:3  | Found Syhaef's Assorted Antiques.
 22692 | Snake:3  | XOM: mild Pois miscast
 22746 | Snake:4  | Entered Level 4 of the Snake Pit
 22756 | Snake:4  | XOM: confuse monster(s)
 22769 | Snake:4  | XOM: summons friendly ufetubus
 22771 | Snake:4  | XOM: divine lightning
 22786 | Snake:4  | XOM: snakes to sticks
 22789 | Snake:4  | XOM: summons 3 friendly demons
 22790 | Snake:4  | Noticed Vashnia
 22985 | Snake:2  | XOM: smoke on damage
 23076 | Snake:2  | XOM: divination: detect items
 23215 | Snake:2  | XOM: summons friendly crimson imp
 23256 | Snake:2  | XOM: polymorph crimson imp -> quasit
 23304 | Snake:2  | XOM: polymorph quasit -> crimson imp
 23354 | Snake:2  | XOM: give mutation
 23354 | Snake:2  | Lost mutation: You are resistant to hostile enchantments.
                  | (MR+) [Xom's mischief]
 23452 | Snake:2  | XOM: confusion
 23499 | Snake:2  | XOM: summons 16 friendly demons
 23507 | Snake:2  | XOM: give mutations
 23507 | Snake:2  | Gained mutation: Scrolls take you a little longer to read.
                  | [Xom's mischief]
 23507 | Snake:2  | Lost mutation: Scrolls take you a little longer to read.
                  | [Xom's mischief]
 23507 | Snake:2  | Gained mutation: Your body sometimes deteriorates upon
                  | taking damage. [Xom's mischief]
 23507 | Snake:2  | Lost mutation: Your body sometimes deteriorates upon taking
                  | damage. [Xom's mischief]
 23530 | Snake:2  | Lost mutation: Your muscles are strong. (Str +2) [potion of
                  | mutation]
 23530 | Snake:2  | Gained mutation: You have supernaturally acute eyesight.
                  | (SInv) [potion of mutation]
 23530 | Snake:2  | Gained mutation: Your flesh is cold resistant. (rC+)
                  | [potion of mutation]
 23530 | Snake:2  | Gained mutation: Your flesh is heat resistant. (rF+)
                  | [potion of mutation]
 23601 | Snake:4  | XOM: enchant monster (bad)
 23605 | Snake:4  | XOM: swap monsters
 23608 | Snake:4  | XOM: scenery: create altars
 23611 | Snake:4  | XOM: cleaving
 23612 | Snake:4  | XOM: potion effect (curing)
 23706 | Snake:4  | XOM: torment (94/170 hp)
 23721 | Snake:4  | XOM: give mutations
 23721 | Snake:4  | Gained mutation: You have a pair of small horns on your
                  | head. [Xom's grace]
 23721 | Snake:4  | Gained mutation: You are robust. (+10% HP) [Xom's grace]
 23721 | Snake:4  | Gained mutation: You expend magic power (3 MP) to
                  | strengthen your wands. [Xom's grace]
 23721 | Snake:4  | Gained mutation: Your muscles are strong. (Str +2) [Xom's
                  | grace]
 23726 | Snake:4  | XOM: scenery: create altars
 23727 | Snake:4  | XOM: smoke on damage
 23735 | Snake:4  | XOM: cleaving
 23737 | Snake:4  | XOM: confusion (+ monsters)
 23738 | Snake:4  | XOM: summons 2 hostile shadow creatures
 23881 | Snake:4  | XOM: smoke on damage
 24027 | Snake:4  | XOM: blink monster(s)
 24042 | Snake:4  | Killed Vashnia
 24161 | Snake:4  | Reached XP level 18. HP: 196/196 MP: 18/18
 24204 | Snake:4  | XOM: harmless Necr miscast
 24210 | Snake:4  | XOM: medium Pois miscast
 24214 | Snake:4  | XOM: harmless Conj miscast
 24300 | Snake:4  | XOM: torment (110/198 hp)
 24384 | Snake:4  | XOM: summons 4 hostile shadow creatures
 24386 | Snake:4  | XOM: harmless Chrm miscast
 24396 | Snake:4  | XOM: give mutation
 24396 | Snake:4  | Gained mutation: Your flesh is very cold resistant. (rC++)
                  | [Xom's grace]
 24498 | Snake:4  | XOM: potion effect (haste)
 24549 | Snake:4  | XOM: harmless Tloc miscast
 24576 | Snake:4  | XOM: harmless Fire miscast
 24589 | Snake:4  | Got a serpentine rune of Zot
 25038 | Elf:1    | Entered Level 1 of the Elven Halls
 25101 | Elf:1    | XOM: mild Summ miscast
 25105 | Elf:1    | XOM: swap monsters
 25111 | Elf:1    | XOM: enchant monster (good)
 25121 | Elf:1    | XOM: summons friendly white imp
 25129 | Elf:1    | XOM: potion effect (heal wounds)
 25245 | Elf:1    | XOM: enchant monster (good)
 25249 | Elf:1    | XOM: enchant monster (good)
 25350 | Elf:1    | XOM: confuse monster(s)
 25355 | Elf:1    | Found the +6 shillelagh "Devastator" {shatter}
 25476 | Elf:1    | XOM: potion effect (agility)
 25664 | Elf:1    | Found Lodia's Assorted Antiques.
 25667 | Elf:1    | Bought a potion of heal wounds for 200 gold pieces
 25998 | Elf:2    | Reached skill level 19 in Unarmed Combat
 26037 | Elf:2    | Found a runed gate.
 26040 | Elf:2    | Found a runed gate.
 26040 | Elf:2    | Found a runed gate.
 26072 | Elf:2    | XOM: harmless Summ miscast
 26118 | Elf:2    | XOM: harmless Tmut miscast
 26130 | Elf:2    | XOM: divination: detect creatures
 26190 | Elf:2    | XOM: divination: detect items
 26362 | Elf:2    | XOM: harmless Air miscast
 26391 | Elf:2    | XOM: silly message
 26412 | Elf:2    | XOM: cloud trail
 26481 | Elf:2    | XOM: divination: magic mapping
 26536 | Elf:2    | XOM: potion effect (haste)
 26545 | Elf:2    | XOM: potion effect (brilliance)
 26692 | Elf:2    | XOM: summons 4 friendly demons
 26887 | Elf:2    | XOM: harmless Ice miscast
 26953 | Elf:3    | Entered Level 3 of the Elven Halls
 26978 | Elf:3    | XOM: confuse monster(s)
 26981 | Elf:3    | Reached skill level 20 in Unarmed Combat
 26981 | Elf:3    | Reached XP level 19. HP: 210/210 MP: 19/19
 26984 | Elf:3    | XOM: cast spell 'Shadow Creatures'
 26985 | Elf:3    | XOM: noise
 26988 | Elf:3    | XOM: smoke on damage
 27087 | Elf:3    | Noticed Louise
 27107 | Elf:3    | Killed Louise
 27222 | Elf:3    | XOM: enchant monster (bad)
 27225 | Elf:3    | XOM: enchant monster (bad)
 27234 | Elf:3    | Noticed a Tzitzimitl
 27235 | Elf:3    | XOM: confuse monster(s)
 27245 | Elf:3    | XOM: 1-stop teleportation journey
 27268 | Elf:3    | XOM: blink monster(s)
 27276 | Elf:3    | XOM: confuse monster(s)
 27301 | Elf:3    | XOM: harmless Conj miscast
 27476 | Elf:3    | Got a shimmering diamond amulet
 27727 | Elf:3    | Noticed a Tzitzimitl
 27728 | Elf:3    | Identified the +2 triple sword of Osodd {freeze, rF+ Dex+2}
 27728 | Elf:3    | Identified the ring "Etisy" {rPois Str+3 Dex+4}
 27730 | Elf:3    | Cast into level 3 of the Abyss (a deep elf demonologist)
 27809 | Abyss:3  | Noticed an ancient lich
 27813 | Abyss:3  | XOM: chaos upgrade
 27816 | Abyss:3  | XOM: swap monsters
 27948 | Abyss:4  | XOM: cast spell 'Leda's Liquefaction'
 27964 | Abyss:4  | XOM: summons 4 hostile shadow creatures
 27977 | Abyss:4  | XOM: smoke on damage
 27988 | Abyss:4  | XOM: polymorph ynoxinul -> smoke demon
 28110 | Elf:3    | Escaped the Abyss
 28111 | Elf:3    | Noticed a Tzitzimitl
 28122 | Elf:3    | Identified the +2 trident of Jatoeru {pain, +Inv rElec rF++
                  | rC-}
 28126 | Elf:3    | XOM: enchant monster (bad)
 28136 | Elf:3    | XOM: enchant monster (bad)
 28308 | Elf:3    | Identified the amulet of Qaak Wely {Inacc rPois rF+ rC-
                  | Str+2} (You found it on level 3 of the Elven Halls)
 28352 | Elf:3    | Noticed a Brimstone Fiend
 28355 | Elf:3    | XOM: polymorph deep elf death mage -> catoblepas
 28374 | Elf:3    | Noticed a Brimstone Fiend
 28404 | Elf:3    | Reached skill level 21 in Unarmed Combat
 28411 | Elf:3    | XOM: noise
 28413 | Elf:3    | XOM: blink monster(s)
 28443 | Elf:3    | Identified the +6 halberd "Zeitom" {chop, rN+ Stlth+}
 28444 | Elf:3    | Cast into level 2 of the Abyss (a deep elf demonologist)
 28483 | Abyss:2  | XOM: divine lightning
 28506 | Abyss:2  | XOM: polymorph raiju -> troll
 28562 | Abyss:2  | XOM: noise
 28736 | Abyss:2  | XOM: divination: detect creatures
 28741 | Abyss:2  | XOM: potion effect (agility)
 28777 | Abyss:2  | XOM: summons 5 friendly demons
 28809 | Elf:3    | Escaped the Abyss
 28814 | Elf:3    | XOM: potion effect (invisibility)
 28834 | Elf:3    | XOM: cast spell 'Monstrous Menagerie'
 28835 | Elf:3    | XOM: divination: detect items
 28845 | Elf:3    | XOM: summons friendly ufetubus
 28850 | Elf:3    | Noticed a Tzitzimitl
 28876 | Elf:3    | XOM: cloud trail
 28889 | Elf:3    | XOM: enchant monster (good)
 28899 | Elf:3    | XOM: potion effect (agility)
 28917 | Elf:3    | Identified the +1 plate armour of Ismoseor {MR++}
 28936 | Elf:3    | Identified the Tome of the Flamy Escort
 29008 | Elf:3    | XOM: severe Ice miscast
 29045 | Elf:3    | Identified the +1 robe of the Depths {rElec rPois Stlth+}
 29263 | Orc:2    | XOM: god gift: glaive {god gift}
 29423 | Shoals:1 | Entered Level 1 of the Shoals
 29681 | Shoals:1 | XOM: medium Tloc miscast
 29834 | Shoals:1 | Reached XP level 20. HP: 216/222 MP: 20/20
 29839 | Shoals:1 | Reached skill level 5 in Throwing
 29930 | Shoals:1 | XOM: harmless Conj miscast
 29947 | Shoals:1 | XOM: potion effect (invisibility)
 30112 | Shoals:1 | Lost mutation: You have a pair of small horns on your head.
                  | [potion of mutation]
 30131 | Shoals:2 | XOM: harmless Ice miscast
 30145 | Shoals:2 | XOM: fog
 30157 | Shoals:2 | XOM: enchant monster (bad)
 30169 | Shoals:2 | XOM: summons friendly shadow imp
 30421 | Shoals:2 | XOM: mild Ice miscast
 30524 | Shoals:2 | XOM: divination: detect creatures
 30559 | Shoals:2 | XOM: harmless Summ miscast
 30655 | Shoals:2 | XOM: cleaving
 30709 | Shoals:3 | XOM: polymorph manticore -> death drake
 30718 | Shoals:3 | XOM: enchant monster (good)
 30861 | Shoals:3 | Noticed Polyphemus
 30866 | Shoals:3 | Noticed Polyphemus
 30866 | Shoals:3 | Polyphemus changed into Polyphemus the dire elephant
 30866 | Shoals:3 | XOM: polymorph Polyphemus -> Polyphemus the dire elephant
 30907 | Shoals:3 | Killed Polyphemus the dire elephant
 31003 | Shoals:3 | XOM: harmless Fire miscast
 31008 | Shoals:3 | XOM: enchant monster (bad)
 31029 | Shoals:3 | Identified the Disquisition on the Floating Blaze
 31137 | Shoals:3 | XOM: smoke on damage
 31305 | Shoals:3 | XOM: enchant monster (good)
 31483 | Shoals:4 | Entered Level 4 of the Shoals
 31498 | Shoals:4 | XOM: confusion (+ monsters)
 31502 | Shoals:4 | XOM: polymorph harpy -> raiju
 31534 | Shoals:4 | XOM: blink monster(s)
 31547 | Shoals:4 | XOM: divination: detect items
 31604 | Shoals:4 | XOM: give mutations
 31604 | Shoals:4 | Gained mutation: Your mind is acute. (Int +2) [Xom's grace]
 31604 | Shoals:4 | Gained mutation: Your mind is very acute. (Int +4) [Xom's
                  | grace]
 31610 | Shoals:4 | XOM: enchant monster (good)
 31647 | Shoals:4 | Got a barnacled rune of Zot
 32086 | Shoals:4 | XOM: summons friendly white imp
 32093 | Shoals:4 | XOM: potion effect (brilliance)
 32102 | Shoals:4 | XOM: divination: detect creatures
 32211 | Shoals:4 | XOM: enchant monster (good)
 32523 | Shoals:3 | XOM: give mutations
 32523 | Shoals:3 | Gained mutation: You have sharp toenails. [Xom's grace]
 32523 | Shoals:3 | Gained mutation: You have a pair of small horns on your
                  | head. [Xom's grace]
 32523 | Shoals:3 | Gained mutation: You regenerate. [Xom's grace]
 32523 | Shoals:3 | Gained mutation: Your muscles are very strong. (Str +4)
                  | [Xom's grace]
 32771 | Vaults:1 | Entered Level 1 of the Vaults
 32799 | Vaults:1 | Identified Fonux's Last Secrets of Witchcraft
 33026 | Vaults:1 | XOM: cloud trail
 33153 | Vaults:1 | XOM: scenery: create altars
 33412 | Vaults:1 | XOM: stat loss: -1 Str (35/36)
 33463 | Vaults:1 | Found a runed gate.
 33463 | Vaults:1 | Found a runed gate.
 33463 | Vaults:1 | Found a runed gate.
 33472 | Vaults:1 | Noticed Ihugoush's ghost (veteran HOMo)
 33483 | Vaults:1 | XOM: summons 1 hostile demon
 33549 | Vaults:1 | XOM: harmless Pois miscast
 33592 | Vaults:1 | Found Dasihy's Weapon Emporium.
 33596 | Vaults:1 | Reached skill level 15 in Fighting
 33596 | Vaults:1 | XOM: harmless Air miscast
 33657 | Vaults:1 | Bought the +3 sling "Punk" {acid, rCorr} for 716 gold
                  | pieces
 33657 | Vaults:1 | Found the +3 sling "Punk" {acid, rCorr}
 33681 | Vaults:1 | XOM: mild Tloc miscast
 33711 | Vaults:1 | XOM: divination: magic mapping
 33827 | Vaults:1 | Identified the +8 scimitar of Hell's Wrath {venom, rPois}
 33827 | Vaults:1 | Identified the ring of Fiotz {*Tele Dex+4 Slay-5 SInv}
 33870 | Vaults:2 | XOM: noise
 33876 | Vaults:2 | XOM: enchant monster (good)
 33887 | Vaults:2 | XOM: divination: detect items
 33905 | Vaults:2 | XOM: divination: detect creatures
 33951 | Vaults:2 | XOM: mild Conj miscast
 33961 | Vaults:2 | XOM: summons 9 hostile demons
 33987 | Vaults:2 | Reached XP level 21. HP: 240/240 MP: 21/21
 33990 | Vaults:2 | XOM: swap monsters
 34016 | Vaults:2 | XOM: enchant monster (bad)
 34028 | Vaults:2 | XOM: give mutations
 34028 | Vaults:2 | Lost mutation: You have a pair of small horns on your head.
                  | [Xom's mischief]
 34028 | Vaults:2 | Lost mutation: You are somewhat resistant to both further
                  | mutation and mutation removal. [Xom's mischief]
 34028 | Vaults:2 | Lost mutation: You expend magic power (3 MP) to strengthen
                  | your wands. [Xom's mischief]
 34028 | Vaults:2 | Lost mutation: You are robust. (+10% HP) [Xom's mischief]
 34065 | Vaults:2 | XOM: stat loss: -1 Dex (22/23)
 34092 | Vaults:2 | XOM: swap monsters
 34146 | Vaults:2 | XOM: confusion
 34148 | Vaults:2 | XOM: summons 4 hostile shadow creatures
 34155 | Vaults:2 | XOM: confusion
 34160 | Vaults:2 | XOM: medium Hex miscast
 34178 | Vaults:2 | XOM: chaos upgrade
 34183 | Vaults:2 | XOM: confuse monster(s)
 34341 | Vaults:2 | XOM: chaos upgrade
 34347 | Vaults:2 | XOM: 1-stop teleportation journey
 34532 | Vaults:2 | XOM: harmless Tmut miscast
 34681 | Vaults:2 | XOM: swap monsters
 34687 | Vaults:2 | XOM: give mutations
 34687 | Vaults:2 | Lost mutation: You regenerate. [Xom's mischief]
 34687 | Vaults:2 | Lost mutation: Your muscles are very strong. (Str +4)
                  | [Xom's mischief]
 34687 | Vaults:2 | Lost mutation: You passively map a small area around you.
                  | [Xom's mischief]
 34716 | Vaults:2 | Got a fine hat
 34722 | Vaults:2 | Found a radiant altar of Vehumet.
 34736 | Vaults:2 | Identified the +2 hat of Urier {Str+7} (You found it on
                  | level 2 of the Vaults)
 34773 | Vaults:2 | Lost mutation: You are mostly covered in icy blue scales.
                  | (AC +3) [potion of mutation]
 34773 | Vaults:2 | Lost mutation: You heal very quickly. [potion of mutation]
 34773 | Vaults:2 | Lost mutation: You have sharp toenails. [potion of
                  | mutation]
 34790 | Vaults:2 | Found the +0 mask of the Dragon {MR+ Slay+3 SInv}
 35109 | Vaults:2 | XOM: cloud trail
 35159 | Vaults:2 | XOM: swap monsters
 35439 | Vaults:2 | Found a runed door.
 35439 | Vaults:2 | Found a shimmering altar of Xom.
 35439 | Vaults:2 | Identified the +2 halberd of Horump {chaos, rN+}
 35439 | Vaults:2 | Noticed Qisodgh Bupse's ghost (adept DsGl)
 35484 | Vaults:2 | XOM: harmless Conj miscast
 35783 | Vaults:2 | Killed Qisodgh Bupse's ghost
 35891 | Vaults:3 | XOM: confusion
 35895 | Vaults:3 | XOM: draining
 35934 | Vaults:3 | XOM: harmless Necr miscast
 35942 | Vaults:3 | XOM: medium Air miscast
 35943 | Vaults:3 | XOM: cast spell 'Leda's Liquefaction'
 35951 | Vaults:3 | XOM: confusion (+ monsters)
 35954 | Vaults:3 | XOM: enchant monster (bad)
 35965 | Vaults:3 | XOM: confusion
 35973 | Vaults:3 | XOM: swap monsters
 35979 | Vaults:3 | XOM: summons friendly quasit
 36200 | Vaults:3 | Found Geun Ci Voo's Distillery.
 36233 | Vaults:3 | Bought a potion of heal wounds for 95 gold pieces
 36233 | Vaults:3 | Bought 2 potions of haste for 380 gold pieces
 36233 | Vaults:3 | Bought a potion of haste for 190 gold pieces
 36233 | Vaults:3 | Bought a potion of curing for 57 gold pieces
 36233 | Vaults:3 | Bought 2 potions of haste for 380 gold pieces
 36233 | Vaults:3 | Bought a potion of heal wounds for 95 gold pieces
 36233 | Vaults:3 | Bought 2 potions of curing for 114 gold pieces
 36292 | Vaults:3 | XOM: god gift: 19 gold pieces
 36294 | Vaults:3 | XOM: summons friendly crimson imp
 36296 | Vaults:3 | XOM: enchant monster (good)
 36299 | Vaults:3 | XOM: scenery: 3 doors open
 36434 | Vaults:3 | XOM: cloud trail
 36463 | Vaults:3 | XOM: cleaving
 36555 | Vaults:3 | XOM: fake destruction
 36588 | Vaults:3 | Reached XP level 22. HP: 236/236 MP: 22/22
 36604 | Vaults:3 | XOM: summons friendly shadow imp
 36606 | Vaults:3 | XOM: enchant monster (good)
 36635 | Vaults:3 | XOM: fake destruction
 36827 | Vaults:3 | XOM: blink monster(s)
 36873 | Vaults:3 | Found a staircase to the Crypt.
 36934 | Vaults:3 | Found a runed gate.
 36934 | Vaults:3 | Found a runed gate.
 36934 | Vaults:3 | Noticed Ojaxim's ghost (adept MiFi)
 36935 | Vaults:3 | Found a runed gate.
 36941 | Vaults:3 | Found a roughly hewn altar of Beogh.
 36948 | Vaults:3 | Reached skill level 10 in Throwing
 36952 | Vaults:3 | XOM: blink monster(s)
 36968 | Vaults:3 | Killed Ojaxim's ghost
 37030 | Vaults:3 | Got a smoking hat
 37034 | Vaults:3 | Got a slimy battleaxe
 37035 | Vaults:3 | Identified the +7 battleaxe "Bogoes" {chop, +Rage rPois
                  | Int-3 SInv} (You found it on level 3 of the Vaults)
 37036 | Vaults:3 | Identified the +0 hat "Jietel" {rN+} (You found it on level
                  | 3 of the Vaults)
 37231 | Vaults:3 | XOM: harmless Pois miscast
 37421 | Vaults:4 | Found a ruined gateway.
 37433 | Desolati | Entered the Desolation of Salt
 37484 | Desolati | XOM: destruction
 37530 | Desolati | XOM: enchant monster (bad)
 37664 | Desolati | XOM: mild Summ miscast
 37777 | Desolati | Got a coiled garnet amulet
 37784 | Desolati | Got a warped trident
 37786 | Desolati | Got a shimmering rapier
 37942 | Desolati | XOM: 1-stop teleportation journey
 38056 | Desolati | Identified the Guide on Warped Envenoming
 38059 | Desolati | Identified Bosmibe's Tome of Cloudy Dislocation
 38062 | Desolati | Identified the Handbook of the Aerial Rocks
 38065 | Desolati | Got a pitted jade ring
 38199 | Desolati | XOM: cast spell 'Summon Horrible Things'
 38226 | Desolati | Got a coiled wooden ring
 38227 | Desolati | Identified the Tome of Cloudy Enhancements
 38230 | Desolati | Got a faintly humming robe
 38313 | Desolati | XOM: divination: detect creatures
 38467 | Vaults:4 | XOM: summons friendly shadow imp
 38491 | Vaults:4 | XOM: summons 2 friendly demons
 38524 | Vaults:4 | XOM: summons friendly quasit
 38613 | Vaults:4 | Found a runed door.
 38613 | Vaults:4 | Found a shimmering altar of Xom.
 38613 | Vaults:4 | Noticed Plog's ghost (veteran MiFi)
 38650 | Vaults:4 | XOM: confuse monster(s)
 38797 | Vaults:4 | XOM: confuse monster(s)
 39032 | Vaults:4 | XOM: divination: magic mapping
 39065 | Vaults:4 | XOM: potion effect (haste)
 39113 | Vaults:4 | Identified the ring of Tomorrow {*Tele rElec} (You found it
                  | in the Desolation of Salt)
 39134 | Vaults:4 | XOM: scenery: 1 doors open
 39139 | Vaults:4 | XOM: harmless Ice miscast
 39419 | Vaults:4 | XOM: 6-stop teleportation journey
 39488 | Vaults:3 | XOM: summons 6 hostile demons
 39596 | Vaults:1 | Found a roughly hewn altar of Beogh.
 39605 | Vaults:1 | XOM: polymorph orc warrior -> ice beast
 39613 | Vaults:1 | XOM: harmless Tmut miscast
 39614 | Vaults:1 | XOM: polymorph ice beast -> golden eye
 39623 | Vaults:1 | XOM: torment (74/244 hp)
 39686 | Vaults:1 | Killed Ihugoush's ghost
 39868 | Vaults:1 | XOM: harmless Chrm miscast
 40062 | D:13     | Identified the +1 robe "Bivesk" {rF+ MR+} (You found it in
                  | the Desolation of Salt)
 40075 | D:13     | Identified the amulet "Awnok" {Inacc +Inv} (You found it in
                  | the Desolation of Salt)
 40080 | D:13     | Identified the ring "Fanel" {+Fly rElec MR+} (You found it
                  | in the Desolation of Salt)
 40140 | Depths:1 | Entered Level 1 of the Depths
 40165 | Depths:1 | Paralysed by a wizard for 3 turns
 40194 | D:15     | XOM: give mutations
 40194 | D:15     | Gained mutation: You are frail. (-10% HP) [Xom's mischief]
 40194 | D:15     | Lost mutation: Your flesh is heat resistant. (rF+) [Xom's
                  | mischief]
 40201 | Depths:1 | XOM: harmless Tloc miscast
 40214 | Depths:1 | XOM: potion effect (berserk rage)
 40217 | Depths:1 | XOM: potion effect (brilliance)
 40219 | Depths:1 | XOM: potion effect (curing)
 40228 | Depths:1 | Reached XP level 23. HP: 219/226 MP: 23/23
 40251 | Depths:1 | Found a gateway to Hell.
 40439 | Depths:1 | XOM: summons friendly chaos spawn
 40664 | Depths:1 | XOM: divination: detect creatures
 40688 | Depths:1 | Found a gateway to a ziggurat.
 40813 | Depths:1 | XOM: give mutations
 40813 | Depths:1 | Gained mutation: You heal very quickly. [Xom's grace]
 40813 | Depths:1 | Gained mutation: You expend magic power (3 MP) to
                  | strengthen your wands. [Xom's grace]
 40813 | Depths:1 | Gained mutation: You have a pair of small antennae on your
                  | head. [Xom's grace]
 40813 | Depths:1 | Gained mutation: Your flesh is almost immune to the effects
                  | of cold. (rC+++) [Xom's grace]
 41199 | Depths:1 | XOM: give mutations
 41199 | Depths:1 | Gained mutation: You are somewhat resistant to both further
                  | mutation and mutation removal. [Xom's grace]
 41199 | Depths:1 | Gained mutation: You passively map a small area around you.
                  | [Xom's grace]
 41199 | Depths:1 | Gained mutation: You have sharp toenails. [Xom's grace]
 41216 | Depths:1 | XOM: fog
 41218 | Depths:1 | XOM: divination: detect items
 41234 | Depths:1 | XOM: scenery: 1 doors close
 41241 | Depths:1 | XOM: mild Necr miscast
 41245 | Depths:1 | XOM: enchant monster (good)
 41246 | Depths:1 | XOM: silly message
 41246 | Depths:1 | HP: 8/228 [stone giant/large rock (38)]
 41407 | Depths:1 | XOM: give mutation
 41407 | Depths:1 | Gained mutation: You are mostly covered in icy blue scales.
                  | (AC +3) [Xom's grace]
 41510 | Depths:2 | XOM: stealth player
 41570 | Depths:2 | XOM: noise
 41751 | Depths:2 | XOM: divination: magic mapping
 41752 | Depths:2 | XOM: harmless Air miscast
 41755 | Depths:2 | Paralysed by a great orb of eyes for 4 turns
 41793 | Depths:2 | Identified the +3 mace of Niatuoxt {holy, rN+ Dex+8}
 41927 | Depths:2 | Found Tocasiup's Antique Weapon Boutique.
 41930 | Depths:2 | Found Adathaj's Armour Shop.
 41930 | Depths:2 | Found Tiqa's Antique Armour Boutique.
 41933 | Depths:2 | Found Naunwof's Magic Scroll Shop.
 41943 | Depths:2 | Bought a scroll of teleportation for 48 gold pieces
 41943 | Depths:2 | Bought a scroll of teleportation for 48 gold pieces
 41943 | Depths:2 | Bought a scroll of enchant armour for 120 gold pieces
 42057 | Depths:2 | XOM: 4-stop teleportation journey
 42204 | Depths:2 | Noticed a juggernaut
 42205 | Depths:2 | Noticed a juggernaut
 42223 | Depths:2 | XOM: harmless Fire miscast
 42225 | Depths:2 | XOM: enchant monster (good)
 42232 | Depths:2 | HP: 11/228 [juggernaut (8)]
 42238 | Depths:2 | XOM: confuse monster(s)
 42239 | Depths:2 | Killed a juggernaut
 42244 | Depths:2 | Mangled by a juggernaut

Vault maps used:
D:1:      shiori_shiawase
D:2:      grunt_temple_overflow_open, tgw_xom
D:3:      first_ration
D:4:      minmay_temple_entry_sparse_star, uniq_menkaure, uniq_eustachio,
          uniq_blork_the_orc
D:5:      uniq_edmund, uniq_ijyb
D:6:      enter_ossuary_3, nicolae_ru_the_path_less_chosen, uniq_sigmund
D:7:      the_bakery, kennysheep_decorative_pillar, uniq_harold
D:8:      david_lair_generic
D:9:      minmay_the_grid_octo_triangle, minitemple, special_room,
          minmay_circle_x
D:10:     lemuel_old_faithful, uniq_grum
D:11:     david_orc_3, uniq_fannar
D:13:     erik_vaults_1, minmay_misc_feat_secret_circle,
          minmay_misc_feat_more_columns, hangedman_abyss_or_decor_stabs,
          grunt_ministairs_2, uniq_sonja
D:14:     serial_corexii_hall, corexii_hall_statues_l, chequers_hall_statues_y,
          corexii_hall_statues_i, corexii_hall_statues_u,
          nicolae_ashenzari_panopticon, corexii_leaking_fountain,
          minmay_guarded_unrand_prune
D:15:     gammafunk_depths_entry_grave, jmf_multi_god_temple2
Lair:1:   uniq_joseph
Lair:2:   elwin_shoals_entry_rooms
Lair:3:   minmay_snake_entry_guardpost_small, gauntlet_entry_generic
Lair:4:   minmay_guarded_unrand_snakebite, ebering_ghost_inner_flame,
          kennysheep_catoblepas_arena, uniq_nessos
Lair:5:   gammafunk_ghost_ooze
Lair:6:   cheibrodos_lair_end_hotspot, minmay_slime_entry_oklob_open,
          chequers_serial_rivers_micro_a, uniq_urug
Shoals:2: nicolae_shoals_hunting_party
Shoals:3: yaktaur_hedge, uniq_polyphemus
Shoals:4: shoals_end_grunt_ice
Snake:1:  guppyfry_snake_island, uniq_azrael, uniq_frances
Snake:3:  gammafunk_sealed_library, serial_shops, nicolae_shop_statue_plus,
          nicolae_shop_behind_doors, shop, shop, shop, st_stairs_14,
          spider_trap, hangedman_snake_wide_pillar_pass, minmay_shop_grid_forest
Snake:4:  minmay_snake_end_coiled, grunt_ministairs_12, uniq_vashnia
Orc:1:    basic_altar, enter_bailey_4, abandoned_shop
Orc:2:    st_orc_ogre_mass, serial_shops, nicolae_shop_statue_plus, shop,
          shop_statue, bloody_makhleb
Elf:1:    minmay_roctagon, serial_shops, nicolae_shop_behind_doors,
          minmay_elf_crystal_hexagon
Elf:3:    elf_hall_gauntlet_narrow, nrook_uturn, grunt_ministairs_11,
          uniq_louise
Vaults:1: biasface_vaults_ghost_orc_armoury, v_misc_11, v_misc_33,
          hangedman_vaults_capsules, vaults_dpeg_spiral, v_misc_22, v_rooms_4,
          dpeg_vaults_monster_box, dpeg_vaults_monster_row,
          ontoclasm_vaults_twist
Vaults:2: ebering_vaults_ghost_xom, vaults_mumra_chevron_long,
          nicolae_vaults_big_ls, grunt_tower_of_power,
          vaults_mumra_minichess_inversion, nicolae_vaults_rhombus_5,
          ontoclasm_vaults_ligature, nicolae_vaults_windows_and_doors_thing,
          vaults_standard_mumra_x, nicolae_vaults_border_crossing,
          vaults_room_grunt_arrival_checkpoint, stair_cage_open,
          ontoclasm_vaults_gateway, ontoclasm_vaults_shuriken
Vaults:3: biasface_vaults_ghost_orc_armoury, vaults_dpeg_diagonal, st_lattice,
          vaults_dpeg_hooks, grunt_vaults_hallway_short,
          nicolae_vaults_gold_heap, v_pattern_2, vaults_dpeg_ring,
          vaults_room_semicircle, serial_shops, shop
Vaults:4: ebering_vaults_ghost_xom, v_pattern_5, v_misc_1, serial_ice_g,
          v_misc_10, v_misc_24, ontoclasm_vaults_claustrophobia,
          nicolae_vaults_network_quincunx, nicolae_vaults_little_squares_1,
          nicolae_vaults_circle_grid_a, vaults_room_corners,
          nicolae_vaults_ninety_degrees, vaults_room_hallway,
          portal_desolation_entry_twin_temple
Depths:1: enter_ziggurat_e, hell_entry, grunt_decor_resistance,
          chequers_serial_rivers_large_a, statue_in_the_mist_lemuel,
          grunt_ministairs_12, evilmike_minifort, serial_bayou_shore_b
Depths:2: little_maze_vault, pf_dread_powers_of_hell, nrook_mini_backslash,
          kennysheep_generic_room_10, infiniplex_staircase_trident,
          minmay_shoptagon
Abyss:2:  evilmike_abyss_exit_chaos
Abyss:3:  due_evilmike_abyss_rune_seething_liches
Abyss:4:  kilobyte_mutagenic_chamber, evilmike_abyss_rune_tso_outpost
Ossuary:  minmay_ossuary_two_tombs
Bailey:   bailey_polearm_flooded_kennysheep, bailey
Gauntlet: gammafunk_gauntlet_hard_choice

Skill      XL: |  1  2  3  4  5  6  7  8  9 10 11 12 13 14 15 16 17 18 19 20 21 22 23 |
---------------+----------------------------------------------------------------------+-----
Unarmed Combat | 1 2 3 5 6 8 10 12 14 15 18 20 21 | 21.7
Fighting       | 2 3 4 5 7 8 9 10 11 12 13 15 17 19 20 | 20.1
Shields        | 1 3 8 11 13 | 13.4
Armour         | 6 8 13 17 | 17.7
Evocations     | 1 |  1.9
Throwing       | 4 8 9 11 | 11.9
Dodging        | |  1.5
Stealth        | |  0.3

Action                   |  1- 3 |  4- 6 |  7- 9 | 10-12 | 13-15 | 16-18 | 19-21 | 22-24 || total
-------------------------+-------+-------+-------+-------+-------+-------+-------+-------++-------
Melee: Unarmed           |    75 |   107 |   280 |   598 |  1063 |  1442 |  1673 |   798 ||  6036
       Punch             |       |     3 |     6 |       |       |       |       |       ||     9
       Kick              |       |       |     4 |   259 |   541 |   158 |   244 |    63 ||  1269
       Flail             |       |       |       |    28 |     3 |       |       |       ||    31
       Headbutt          |       |       |       |       |       |   181 |   240 |       ||   421
Throw: Large rock        |       |       |       |       |     1 |     7 |    19 |    40 ||    67
       Javelin           |       |       |       |       |       |     8 |       |       ||     8
       Tomahawk          |       |       |       |       |       |     6 |       |       ||     6
 Abil: Evoke Flight      |       |       |       |       |       |     2 |       |       ||     2
Evoke: Wand              |       |       |       |       |       |       |    11 |     1 ||    12
  Use: Scroll            |       |     8 |     8 |    16 |    17 |    18 |    26 |     7 ||   100
       Potion            |       |     2 |     1 |    11 |     9 |    13 |    18 |    13 ||    67
 Stab: Invisible         |     1 |       |     2 |     3 |     1 |       |    12 |     2 ||    21
       Sleeping          |       |       |    10 |    17 |       |     1 |     1 |     1 ||    30
       Distracted        |       |       |     1 |     3 |       |     9 |       |     4 ||    17
       Confused          |       |       |       |     1 |     3 |     9 |     8 |     6 ||    27
       Paralysed         |       |       |       |       |     5 |       |       |       ||     5
       Petrified         |       |       |       |       |     7 |     2 |     4 |       ||    13
       Petrifying        |       |       |       |       |       |     1 |     2 |       ||     3
  Eat: Chunk             |     9 |    18 |    22 |    56 |    70 |    69 |    90 |    50 ||   384
       Ration            |       |       |       |       |       |     3 |       |       ||     3
Armor: Robe              |    34 |    32 |    90 |    99 |       |       |       |       ||   255
       Fire dragon scale |       |       |       |     7 |   379 |   515 |   600 |   225 ||  1726
       Skin              |       |       |       |       |     2 |       |       |       ||     2
Dodge: Dodged            |    49 |    45 |   113 |   159 |   308 |   343 |   507 |   178 ||  1702
       Deflected         |       |       |       |       |    26 |    90 |    60 |    25 ||   201
Block: Shield            |       |       |    73 |   294 |   752 |  1074 |  1064 |   469 ||  3726

Table legend:
 A = Non-vault XP
 B = Vault XP
 C = Vault XP percentage of total XP
 D = Non-vault monster count
 E = Vault monster count
 F = Vault count percentage of total count
                 A         B        C        D         E       F
            +---------+---------+-------+---------+---------+-------
      Total |  449811 |  449185 |  50.0 |    1277 |     798 |  38.5
            +---------+---------+-------+---------+---------+-------
        D:1 |      27 |       0 |   0.0 |      16 |       0 |   0.0
        D:2 |      81 |      68 |  45.6 |      20 |       5 |  20.0
        D:3 |      34 |       0 |   0.0 |      17 |       0 |   0.0
        D:4 |     532 |     458 |  46.3 |      17 |       3 |  15.0
        D:5 |     985 |     202 |  17.0 |      29 |       2 |   6.5
        D:6 |     716 |     230 |  24.3 |      12 |       2 |  14.3
        D:7 |     795 |    1237 |  60.9 |      20 |       2 |   9.1
        D:8 |    1485 |    1200 |  44.7 |      33 |       4 |  10.8
        D:9 |    1123 |    2751 |  71.0 |      16 |      44 |  73.3
       D:10 |    3279 |     429 |  11.6 |      18 |       3 |  14.3
       D:11 |    5704 |    1182 |  17.2 |      31 |       7 |  18.4
       D:12 |    4258 |       0 |   0.0 |      20 |       0 |   0.0
       D:13 |    7815 |    2874 |  26.9 |      35 |       5 |  12.5
       D:14 |    9522 |    5938 |  38.4 |      31 |       8 |  20.5
       D:15 |   24453 |   10580 |  30.2 |      77 |      14 |  15.4
     Lair:1 |    2569 |    2036 |  44.2 |      14 |      26 |  65.0
     Lair:2 |    2946 |     751 |  20.3 |      18 |       2 |  10.0
     Lair:3 |    2892 |     612 |  17.5 |      12 |       4 |  25.0
     Lair:4 |    4974 |    6708 |  57.4 |      21 |      18 |  46.2
     Lair:5 |    8720 |    4737 |  35.2 |      31 |       9 |  22.5
     Lair:6 |   10730 |   10397 |  49.2 |      46 |      31 |  40.3
   Shoals:1 |   23661 |       0 |   0.0 |      51 |       0 |   0.0
   Shoals:2 |    4473 |    3668 |  45.1 |       9 |       7 |  43.8
   Shoals:3 |   12463 |    6012 |  32.5 |      26 |       7 |  21.2
   Shoals:4 |   15611 |   18489 |  54.2 |      37 |      35 |  48.6
    Snake:1 |    5209 |    5066 |  49.3 |      18 |       8 |  30.8
    Snake:2 |   23499 |       0 |   0.0 |      45 |       0 |   0.0
    Snake:3 |   17951 |   18896 |  51.3 |      37 |      19 |  33.9
    Snake:4 |   20851 |   32597 |  61.0 |      40 |      48 |  54.5
      Orc:1 |    2336 |      11 |   0.5 |      38 |       5 |  11.6
      Orc:2 |    3924 |   17407 |  81.6 |      42 |      44 |  51.2
      Elf:1 |   15237 |    7705 |  33.6 |      26 |      12 |  31.6
      Elf:2 |   17804 |   22931 |  56.3 |      29 |      29 |  50.0
      Elf:3 |    7179 |   45101 |  86.3 |      18 |      35 |  66.0
   Vaults:1 |    6954 |   38319 |  84.6 |      14 |      55 |  79.7
   Vaults:2 |   42760 |   56234 |  56.8 |      75 |      62 |  45.3
   Vaults:3 |   36136 |   24407 |  40.3 |      67 |      27 |  28.7
   Vaults:4 |   25675 |   17010 |  39.9 |      54 |      24 |  30.8
   Depths:1 |   18287 |   18965 |  50.9 |      30 |      20 |  40.0
   Depths:2 |   16651 |   13085 |  44.0 |      22 |       5 |  18.5
    Abyss:2 |   30161 |       0 |   0.0 |      44 |       0 |   0.0
    Abyss:3 |    2806 |    2799 |  49.9 |       6 |       6 |  50.0
    Abyss:4 |    6543 |       0 |   0.0 |      15 |       0 |   0.0
    Ossuary |       0 |     441 | 100.0 |       0 |      32 | 100.0
     Bailey |       0 |    2276 | 100.0 |       0 |      39 | 100.0
 Desolation |       0 |   41048 | 100.0 |       0 |      77 | 100.0
   Gauntlet |       0 |    4328 | 100.0 |       0 |      13 | 100.0
            +---------+---------+-------+---------+---------+-------
